TOP OF THE 1ST |
Boston Rebels batting - Pitching for So Cal Henvy : LHP Ramiro Jiménez
|
Pitching: LHP Ramiro Jiménez
|
|
Batting: LHB Bill Wilson
|
0-0: Called Strike 0-1: Foul Ball, location: 2F 0-2: Strikes out swinging, 2-3 out at first.
|
Batting: RHB Ronnie Brown
|
0-0: Called Strike 0-1: Foul Ball, location: 2F 0-2: Ball 1-2: Foul Ball, location: 2F 1-2: Fly out, F8 (Flyball, 8RM)
|
Batting: RHB Felipe Olivas
|
0-0: Called Strike 0-1: SINGLE (Line Drive, 4MD)
|
Batting: LHB Ricardo Brandariz
|
0-0: DOUBLE (Line Drive, 5D) Felipe Olivas to third Runner from 3rd tries for Home, SAFE, no throw or cutoff
|
Batting: LHB Lorenzo Flores
|
0-0: Ball 1-0: Foul Ball, location: 2F 1-1: Ball 2-1: Foul Ball, location: 2F 2-2: Strikes out looking
|
Top of the 1st over - 1 run(s), 2 hit(s), 0 error(s), 1 left on base; Boston 1 - So Cal 0 |
BOTTOM OF THE 1ST |
So Cal Henvy batting - Pitching for Boston Rebels : LHP José Hidalgo
|
Pitching: LHP José Hidalgo
|
|
Batting: SHB Miguel González
|
0-0: Foul Ball, location: 2F 0-1: Ball 1-1: Ball 2-1: Ball 3-1: Called Strike 3-2: Strikes out looking
|
Batting: RHB Earl Wiggins
|
0-0: SINGLE (Line Drive, 5D)
|
Batting: LHB César Valentín
|
0-0: Called Strike 0-1: Ball 1-1: SINGLE (Line Drive, 3S) Earl Wiggins to second
|
Batting: RHB Rubén Calderón
|
0-0: Ball 1-0: Called Strike 1-1: Ball 2-1: Foul Ball, location: 2F 2-2: Ball 3-2: Foul Ball, location: 2F 3-2: Base on Balls Earl Wiggins to third César Valentín to second
|
Batting: LHB José Antonio Santiago
|
0-0: Ball 1-0: Called Strike 1-1: Called Strike 1-2: Strikes out swinging
|
Batting: RHB Morgan Gibbon
|
0-0: Ball 1-0: Ball 2-0: Ball 3-0: Base on Balls Earl Wiggins scores César Valentín to third Rubén Calderón to second
|
Batting: LHB John Peterson
|
0-0: DOUBLE (Line Drive, 9LS) César Valentín scores Rubén Calderón scores Morgan Gibbon to third Runner from 3rd tries for Home, SAFE, throw made home
|
Batting: RHB Edouard Padovano
|
0-0: Ground out 6-3 (Groundball, 6M)
|
Bottom of the 1st over - 4 run(s), 3 hit(s), 0 error(s), 1 left on base; Boston 1 - So Cal 4 |
TOP OF THE 2ND |
Boston Rebels batting - Pitching for So Cal Henvy : LHP Ramiro Jiménez
|
Batting: LHB Stanley Mullins
|
0-0: Called Strike 0-1: Foul Ball, location: 2F 0-2: Foul Ball, location: 2F 0-2: Ball 1-2: TRIPLE (Flyball, 9D)
|
Batting: SHB Javier Villegas
|
0-0: Ball 1-0: Ball 2-0: Foul Ball, location: 2F 2-1: Swinging Strike 2-2: Foul Ball, location: 2F 2-2: Ball 3-2: Foul Ball, location: 2F 3-2: 2-RUN HOME RUN (Flyball, 7D), Distance : 356 ft
|
Batting: RHB Clancy Booker
|
0-0: Ball 1-0: Ground out 5-3 (Groundball, 5S)
|
Batting: RHB Rubén Matos
|
0-0: Called Strike 0-1: Ball 1-1: Ball 2-1: Ground out 5-3 (Groundball, 56)
|
Batting: LHB Bill Wilson
|
0-0: Ball 1-0: Ball 2-0: Ball 3-0: Called Strike 3-1: Foul Ball, location: 2F 3-2: SINGLE (Groundball, 6MD)
|
Batting: RHB Ronnie Brown
|
0-0: Ball 1-0: Called Strike 1-1: Ground out 4-3 (Groundball, 13)
|
Top of the 2nd over - 2 run(s), 3 hit(s), 0 error(s), 1 left on base; Boston 3 - So Cal 4 |
BOTTOM OF THE 2ND |
So Cal Henvy batting - Pitching for Boston Rebels : LHP José Hidalgo
|
Batting: RHB Gregg Nelson
|
0-0: Ball 1-0: Ball 2-0: Ball 3-0: Called Strike 3-1: Ground out 6-3 (Groundball, 6)
|
Batting: SHB Miguel González
|
0-0: Ball 1-0: Foul Ball, location: 2F 1-1: Foul Ball, location: 2F 1-2: Ball 2-2: Ball 3-2: Fly out, F4 (Popup, 4MD)
|
Batting: RHB Earl Wiggins
|
0-0: Ball 1-0: Foul Ball, location: 2F 1-1: Ball 2-1: Ball 3-1: Foul Ball, location: 2F 3-2: Base on Balls
|
Batting: LHB César Valentín
|
0-0: Ball 1-0: Swinging Strike 1-1: Ground out U3 (Groundball, 3)
|
Bottom of the 2nd over - 0 run(s), 0 hit(s), 0 error(s), 1 left on base; Boston 3 - So Cal 4 |
TOP OF THE 3RD |
Boston Rebels batting - Pitching for So Cal Henvy : LHP Ramiro Jiménez
|
Batting: RHB Felipe Olivas
|
0-0: Called Strike 0-1: Ground out 1-3 (Groundball, 15)
|
Batting: LHB Ricardo Brandariz
|
0-0: Called Strike 0-1: Swinging Strike 0-2: Ball 1-2: Ball 2-2: Foul Ball, location: 2F 2-2: SINGLE (Line Drive, 6D)
|
Batting: LHB Lorenzo Flores
|
0-0: Called Strike 0-1: Ball 1-1: Swinging Strike 1-2: Reached on error, E1 (Groundball, 15) Ricardo Brandariz to second
|
Batting: LHB Stanley Mullins
|
0-0: Foul Ball, location: 2F 0-1: Foul Ball, location: 2F 0-2: Ball 1-2: SINGLE (Line Drive, 89M) Ricardo Brandariz to third Lorenzo Flores to second Runner from 3rd tries for Home, SAFE, no throw or cutoff
|
Batting: SHB Javier Villegas
|
0-0: Called Strike 0-1: Ball 1-1: Swinging Strike 1-2: Foul Ball, location: 2F 1-2: Foul Ball, location: 2F 1-2: Ball 2-2: Grounds into double play, 6-4-3 (Groundball, 6)
|
Top of the 3rd over - 1 run(s), 2 hit(s), 1 error(s), 1 left on base; Boston 4 - So Cal 4 |
BOTTOM OF THE 3RD |
So Cal Henvy batting - Pitching for Boston Rebels : LHP José Hidalgo
|
Batting: RHB Rubén Calderón
|
0-0: Ball 1-0: Ground out 5-3 (Groundball, 5L)
|
Batting: LHB José Antonio Santiago
|
0-0: Ball 1-0: Ball 2-0: Called Strike 2-1: SINGLE (Line Drive, 3D)
|
Batting: RHB Morgan Gibbon
|
Pickoff Throw to First - Out! 0-0: SINGLE (Line Drive, 34)
|
Batting: LHB John Peterson
|
0-0: Called Strike 0-1: Called Strike 0-2: Ball 1-2: Ground out 4-3 (Groundball, 34)
|
Bottom of the 3rd over - 0 run(s), 2 hit(s), 0 error(s), 1 left on base; Boston 4 - So Cal 4 |
TOP OF THE 4TH |
Boston Rebels batting - Pitching for So Cal Henvy : LHP Ramiro Jiménez
|
Batting: RHB Clancy Booker
|
0-0: SINGLE (Groundball, 3S)
|
Batting: RHB Rubén Matos
|
0-0: Called Strike 0-1: SINGLE (Flyball, 78S) Clancy Booker to second
|
Batting: LHB Bill Wilson
|
0-0: Ball 1-0: Called Strike 1-1: Grounds into double play, 4-6-3 (Groundball, 4) Clancy Booker to third
|
Batting: RHB Ronnie Brown
|
0-0: Ball 1-0: Called Strike 1-1: Ball 2-1: Called Strike 2-2: Foul Ball, location: 2F 2-2: Strikes out swinging
|
Top of the 4th over - 0 run(s), 2 hit(s), 0 error(s), 1 left on base; Boston 4 - So Cal 4 |
BOTTOM OF THE 4TH |
So Cal Henvy batting - Pitching for Boston Rebels : LHP José Hidalgo
|
Batting: RHB Edouard Padovano
|
0-0: Fly out, F8 (Flyball, 8LM)
|
Batting: RHB Gregg Nelson
|
0-0: Ground out 3-1 (Groundball, 34)
|
Batting: SHB Miguel González
|
0-0: Ball 1-0: Foul Ball, location: 2F 1-1: Foul Ball, location: 2F 1-2: Strikes out swinging
|
Bottom of the 4th over - 0 run(s), 0 hit(s), 0 error(s), 0 left on base; Boston 4 - So Cal 4 |
TOP OF THE 5TH |
Boston Rebels batting - Pitching for So Cal Henvy : LHP Ramiro Jiménez
|
Batting: RHB Felipe Olivas
|
0-0: Called Strike 0-1: Foul Ball, location: 2F 0-2: Foul Ball, location: 2F 0-2: Ball 1-2: Foul Ball, location: 2F 1-2: Fly out, F2 (Popup, 2RF)
|
Batting: LHB Ricardo Brandariz
|
0-0: SINGLE (Line Drive, 7LS)
|
Batting: LHB Lorenzo Flores
|
0-0: DOUBLE (Flyball, 8RXD) Ricardo Brandariz to third Runner from 3rd tries for Home, SAFE, throw made home
|
Batting: LHB Stanley Mullins
|
0-0: Intentional Walk
|
Batting: SHB Javier Villegas
|
0-0: SINGLE (Flyball, 78S) Lorenzo Flores to third Stanley Mullins to second
|
Batting: RHB Clancy Booker
|
0-0: Called Strike 0-1: Fielders Choice at 2nd, 6-4 (Groundball, 6) Lorenzo Flores scores Stanley Mullins to third
|
Pitching: RHP Jim Nelson
|
|
Batting: RHB Rubén Matos
|
0-0: Ground out 4-3 (Groundball, 4)
|
Top of the 5th over - 2 run(s), 3 hit(s), 0 error(s), 2 left on base; Boston 6 - So Cal 4 |
BOTTOM OF THE 5TH |
So Cal Henvy batting - Pitching for Boston Rebels : LHP José Hidalgo
|
Batting: RHB Earl Wiggins
|
0-0: Ball 1-0: TRIPLE (Groundball, 5D)
|
Batting: LHB César Valentín
|
0-0: Ball 1-0: Foul Ball, location: 2F 1-1: DOUBLE (Flyball, 7LD) Earl Wiggins scores
|
Batting: RHB Rubén Calderón
|
0-0: Ball 1-0: Swinging Strike 1-1: Ground out 6-3 (Groundball, 6)
|
Batting: LHB José Antonio Santiago
|
0-0: Foul Ball, location: 2F 0-1: Ground out 4-3 (Groundball, 4) César Valentín to third
|
Batting: RHB Morgan Gibbon
|
0-0: Called Strike 0-1: Ball 1-1: Called Strike 1-2: Strikes out swinging
|
Bottom of the 5th over - 1 run(s), 2 hit(s), 0 error(s), 1 left on base; Boston 6 - So Cal 5 |
TOP OF THE 6TH |
Boston Rebels batting - Pitching for So Cal Henvy : RHP Jim Nelson
|
Batting: LHB Bill Wilson
|
0-0: Ball 1-0: Swinging Strike 1-1: Foul Ball, location: 2F 1-2: Ground out 5-3 (Groundball, 56S)
|
Batting: RHB Ronnie Brown
|
0-0: Ground out 6-3 (Groundball, 6)
|
Batting: RHB Felipe Olivas
|
0-0: Swinging Strike 0-1: Ball 1-1: Ground out 4-3 (Groundball, 4)
|
Top of the 6th over - 0 run(s), 0 hit(s), 0 error(s), 0 left on base; Boston 6 - So Cal 5 |
BOTTOM OF THE 6TH |
So Cal Henvy batting - Pitching for Boston Rebels : LHP José Hidalgo
|
Batting: LHB John Peterson
|
0-0: Ball 1-0: Called Strike 1-1: Foul Ball, location: 2F 1-2: Ground out 3-1 (Groundball, 34)
|
Batting: RHB Edouard Padovano
|
0-0: DOUBLE (Line Drive, 7LM)
|
Batting: RHB Gregg Nelson
|
0-0: Ball 1-0: Foul Ball, location: 2F 1-1: Foul Ball, location: 2F 1-2: Foul Ball, location: 2F 1-2: Foul Ball, location: 2F 1-2: Ball 2-2: Ball 3-2: Ground out 4-3 (Groundball, 4) Edouard Padovano to third
|
Batting: SHB Miguel González
|
0-0: Ball 1-0: Foul Ball, location: 2F 1-1: Called Strike 1-2: Fly out, F7 (Flyball, 8LXD)
|
Bottom of the 6th over - 0 run(s), 1 hit(s), 0 error(s), 1 left on base; Boston 6 - So Cal 5 |
TOP OF THE 7TH |
Boston Rebels batting - Pitching for So Cal Henvy : RHP Jim Nelson
|
Batting: LHB Ricardo Brandariz
|
0-0: Foul Ball, location: 2F 0-1: Ball 1-1: Foul Ball, location: 2F 1-2: Ball 2-2: Strikes out looking
|
Batting: LHB Lorenzo Flores
|
0-0: Called Strike 0-1: SINGLE (Line Drive, 4MD)
|
Batting: LHB Stanley Mullins
|
0-0: Ball 1-0: Fly out, F7 (Popup, 6MD)
|
Batting: SHB Javier Villegas
|
0-0: Swinging Strike 0-1: Foul Ball, location: 2F 0-2: Ball 1-2: Foul Ball, location: 2F 1-2: Strikes out swinging
|
Top of the 7th over - 0 run(s), 1 hit(s), 0 error(s), 1 left on base; Boston 6 - So Cal 5 |
BOTTOM OF THE 7TH |
So Cal Henvy batting - Pitching for Boston Rebels : LHP José Hidalgo
|
Pitching: RHP Chad Field
|
|
Batting: RHB Earl Wiggins
|
0-0: Ball 1-0: Called Strike 1-1: Foul Ball, location: 2F 1-2: DOUBLE (Groundball, 3L)
|
Batting: LHB César Valentín
|
0-0: Swinging Strike 0-1: Ball 1-1: Ball 2-1: Called Strike 2-2: Ball 3-2: Foul Ball, location: 2F 3-2: Base on Balls
|
Batting: RHB Rubén Calderón
|
0-0: Called Strike 0-1: Swinging Strike 0-2: Fly out, F5 (Popup, 5F)
|
Batting: LHB José Antonio Santiago
|
0-0: Ball 1-0: Ball 2-0: Ball 3-0: Base on Balls Earl Wiggins to third César Valentín to second
|
Batting: RHB Morgan Gibbon
|
0-0: Called Strike 0-1: Grounds into double play, 6-4-3 (Groundball, 6)
|
Bottom of the 7th over - 0 run(s), 1 hit(s), 0 error(s), 2 left on base; Boston 6 - So Cal 5 |
TOP OF THE 8TH |
Boston Rebels batting - Pitching for So Cal Henvy : RHP Jim Nelson
|
Pitching: RHP Jerry Good
|
|
Batting: RHB Clancy Booker
|
0-0: Ball 1-0: Ball 2-0: Called Strike 2-1: Foul Ball, location: 2F 2-2: Ground out 3-1 (Groundball, 34S)
|
Batting: RHB Rubén Matos
|
0-0: Called Strike 0-1: Fly out, F8 (Flyball, 8RM)
|
Batting: LHB Bill Wilson
|
0-0: Ball 1-0: Foul Ball, location: 2F 1-1: Swinging Strike 1-2: Ball 2-2: Ball 3-2: Foul Ball, location: 2F 3-2: SINGLE (Line Drive, 89M)
|
Batting: RHB Ronnie Brown
|
0-0: Called Strike 0-1: Ball 1-1: Ball 2-1: Fly out, F9 (Flyball, 89M)
|
Top of the 8th over - 0 run(s), 1 hit(s), 0 error(s), 1 left on base; Boston 6 - So Cal 5 |
BOTTOM OF THE 8TH |
So Cal Henvy batting - Pitching for Boston Rebels : RHP Chad Field
|
Pitching: RHP Tony Rocha
|
|
Batting: LHB John Peterson
|
0-0: Ball 1-0: Foul Ball, location: 2F 1-1: Ball 2-1: Ball 3-1: Swinging Strike 3-2: Fly out, F7 (Flyball, 7LM)
|
Batting: RHB Edouard Padovano
|
0-0: Ball 1-0: Called Strike 1-1: Swinging Strike 1-2: Ball 2-2: Fly out, F9 (Flyball, 9M)
|
Batting: RHB Gregg Nelson
|
0-0: Foul Ball, location: 2F 0-1: Foul Ball, location: 2F 0-2: Ball 1-2: Ball 2-2: Ball 3-2: Foul Ball, location: 2F 3-2: Foul Ball, location: 2F 3-2: Ground out 6-3 (Groundball, 6)
|
Bottom of the 8th over - 0 run(s), 0 hit(s), 0 error(s), 0 left on base; Boston 6 - So Cal 5 |
TOP OF THE 9TH |
Boston Rebels batting - Pitching for So Cal Henvy : RHP Jerry Good
|
Pitching: RHP Juan Flores
|
|
Batting: RHB Felipe Olivas
|
0-0: Ground out 4-3 (Groundball, 4S)
|
Batting: LHB Ricardo Brandariz
|
0-0: Called Strike 0-1: Foul Ball, location: 2F 0-2: Ball 1-2: Ball 2-2: Ball 3-2: Foul Ball, location: 2F 3-2: Strikes out swinging
|
Batting: LHB Lorenzo Flores
|
0-0: Ball 1-0: Foul Ball, location: 2F 1-1: Ball 2-1: Called Strike 2-2: Ground out 4-3 (Groundball, 34)
|
Top of the 9th over - 0 run(s), 0 hit(s), 0 error(s), 0 left on base; Boston 6 - So Cal 5 |
BOTTOM OF THE 9TH |
So Cal Henvy batting - Pitching for Boston Rebels : RHP Tony Rocha
|
Pitching: RHP Alberto Bonilla
|
|
Batting: SHB Miguel González
|
0-0: Called Strike 0-1: Ball 1-1: Ball 2-1: SOLO HOME RUN (Line Drive, 89XD), Distance : 395 ft
|
Batting: RHB Earl Wiggins
|
0-0: Ball 1-0: Fly out, F8 (Line Drive, 8RM)
|
Batting: LHB César Valentín
|
0-0: Foul Ball, location: 2F 0-1: Called Strike 0-2: Ball 1-2: Ball 2-2: Ground out 4-3 (Groundball, 4MS)
|
Batting: RHB Rubén Calderón
|
0-0: Ground out 6-3 (Groundball, 6)
|
Bottom of the 9th over - 1 run(s), 1 hit(s), 0 error(s), 0 left on base; Boston 6 - So Cal 6 |
TOP OF THE 10TH |
Boston Rebels batting - Pitching for So Cal Henvy : RHP Juan Flores
|
Batting: LHB Stanley Mullins
|
0-0: Called Strike 0-1: Ball 1-1: Foul Ball, location: 2F 1-2: Ball 2-2: SINGLE (Groundball, 34D)
|
Batting: SHB Javier Villegas
|
0-0: Sac Bunt - play at first, batter OUT! 3-4 Stanley Mullins to second
|
Pinch Hitting: LHB Jeff Gordon
|
0-0: Intentional Walk
|
Batting: RHB Rubén Matos
|
0-0: SINGLE (Groundball, 56) Stanley Mullins to third Jeff Gordon to second Runner from 3rd tries for Home, SAFE, no throw or cutoff
|
Batting: LHB Bill Wilson
|
0-0: Swinging Strike 0-1: Ball 1-1: Fielders Choice at 2nd, 4-6 (Groundball, 34) Jeff Gordon to third
|
Batting: RHB Ronnie Brown
|
0-0: Called Strike 0-1: Ball 1-1: SINGLE (Line Drive, 6M) Jeff Gordon scores Bill Wilson to second
|
Batting: RHB Felipe Olivas
|
0-0: Ball 1-0: Called Strike 1-1: Ground out 6-3 (Groundball, 56D)
|
Top of the 10th over - 2 run(s), 3 hit(s), 0 error(s), 2 left on base; Boston 8 - So Cal 6 |
BOTTOM OF THE 10TH |
So Cal Henvy batting - Pitching for Boston Rebels : RHP Alberto Bonilla
|
Now in RF: Jeff Gordon
|
|
Batting: LHB José Antonio Santiago
|
0-0: Ball 1-0: Called Strike 1-1: SOLO HOME RUN (Flyball, 89XD), Distance : 397 ft
|
Batting: RHB Morgan Gibbon
|
0-0: Ball 1-0: Called Strike 1-1: Ball 2-1: SOLO HOME RUN (Flyball, 9D), Distance : 365 ft
|
Pitching: RHP Manuel Jimenen
|
|
Batting: LHB John Peterson
|
0-0: Ball 1-0: Ball 2-0: Called Strike 2-1: Ball 3-1: Foul Ball, location: 2F 3-2: Strikes out looking
|
Pinch Hitting: SHB Ray Burgess
|
0-0: Ball 1-0: Ball 2-0: Foul Ball, location: 2F 2-1: Foul Ball, location: 2F 2-2: Foul Ball, location: 2F 2-2: Strikes out swinging
|
Pinch Hitting: LHB Al Mills
|
0-0: Ball 1-0: SINGLE (Groundball, 25) (infield hit)
|
Batting: SHB Miguel González
|
0-0: Ball 1-0: Called Strike 1-1: Foul Ball, location: 2F 1-2: Fly out, F7 (Flyball, 78D)
|
Bottom of the 10th over - 2 run(s), 3 hit(s), 0 error(s), 1 left on base; Boston 8 - So Cal 8 |
TOP OF THE 11TH |
Boston Rebels batting - Pitching for So Cal Henvy : RHP Juan Flores
|
Pitching: LHP Fred Martin
|
|
Now at 2B: Al Mills
|
|
Now at SS: Ray Burgess
|
|
Pinch Hitting: RHB Roberto Chávez
|
0-0: Called Strike 0-1: Ball 1-1: Foul Ball, location: 2F 1-2: Ball 2-2: Foul Ball, location: 2F 2-2: Strikes out swinging
|
Batting: LHB Lorenzo Flores
|
0-0: Ground out 4-3 (Groundball, 4)
|
Batting: LHB Stanley Mullins
|
0-0: Ground out 5-3 (Groundball, 56S)
|
Top of the 11th over - 0 run(s), 0 hit(s), 0 error(s), 0 left on base; Boston 8 - So Cal 8 |
BOTTOM OF THE 11TH |
So Cal Henvy batting - Pitching for Boston Rebels : RHP Manuel Jimenen
|
Now in LF: Roberto Chávez
|
|
Batting: RHB Earl Wiggins
|
0-0: Called Strike 0-1: Foul Ball, location: 2F 0-2: Ball 1-2: Ball 2-2: Strikes out swinging
|
Batting: LHB César Valentín
|
0-0: Swinging Strike 0-1: Ball 1-1: Foul Ball, location: 2F 1-2: Foul Ball, location: 2F 1-2: Ball 2-2: Foul Ball, location: 2F 2-2: Ball 3-2: Base on Balls
|
Batting: RHB Rubén Calderón
|
0-0: 2-RUN HOME RUN (Flyball, 7D), Distance : 427 ft
|
Monday, December 5th, 2016 - OOTP Baseball 17.12 Build 75
|
|